 Dungeon Crawl Stone Soup version 0.31-a0-1626-g5cb510d (webtiles) character file.

Game seed: 16231823390059222609

58 PidgeyThePirate the Cutter (level 3, 0/29 HPs)
             Began as a Demonspawn Monk on Jan 11, 2024.
             Succumbed to a kobold's poison
             ... on level 2 of the Dungeon.
             The game lasted 00:03:47 (1849 turns).

PidgeyThePirate the Cutter (Demonspawn Monk)        Turns: 1849, Time: 00:03:47

Health: 0/29       AC:  3    Str: 11    XL:     3   Next: 75%
Magic:  3/3        EV: 12    Int: 12    God:
Gold:   108        SH:  0    Dex: 15    Spells: 3/3 levels left

rFire   . . .        a - +0 short sword
rCold   . . .        d - orb {light}
rNeg    . . .        l - +0 leather armour
rPois   .            (helmet restricted)
rElec   .            (no cloak)
rCorr   .            (no gloves)
SInv    .            (no boots)
Will    .....        (no amulet)
Stlth   +            (no ring)
HPRegen 0.24/turn    (no ring)
MPRegen 0.08/turn

%: clarity
@: lethally poisoned (0 -> -2), glowing
A: powered by pain 1, fangs 1, horns 1, clarity
a: no special abilities


You were on level 2 of the Dungeon.
You visited 1 branch of the dungeon, and saw 2 of its levels.

You collected 108 gold pieces.

Inventory:

Hand Weapons
 a - a +0 short sword (weapon)
Armour
 b - a +0 robe
 d - an orb of light (worn)
 i - a +0 helmet
 l - a +0 leather armour (worn)
Magical Staves
 g - a staff of death
Wands
 c - a wand of quicksilver (10)
Scrolls
 e - 2 scrolls of summoning {unknown}
 f - 2 scrolls of revelation {unknown}
 h - a scroll of immolation {unknown}
 k - a scroll of fog {unknown}
 m - a scroll of blinking {unknown}
Potions
 j - a potion of attraction


   Skills:
 + Level 3.2 Fighting
 * Level 3.4 Short Blades
 + Level 0.1 Armour
 + Level 3.2 Dodging
 * Level 0.6 Spellcasting
 * Level 1.0 Necromancy


You had 3 spell levels left.
You didn't know any spells.
Your spell library was empty.

Dungeon Overview and Level Annotations

Branches:
Dungeon (2/15)

Altars:


Innate Abilities, Weirdness & Mutations

You sometimes gain a little power by taking damage.
You have very sharp teeth.
You have a pair of small horns on your head.
You possess an exceptional clarity of mind.


Message History

Found a stone staircase leading up.
A kobold comes into view.
It is wielding a +0 dagger and quivering poisoned darts.
Found 4 gold pieces.
The kobold shouts!
The kobold throws a poisoned dart.
The poisoned dart hits you!
You are poisoned.
You feel very sick.
You feel sick.
The kobold throws a poisoned dart.
The poisoned dart hits you!
You are more poisoned.
You feel very sick.
A quokka comes into view.
You feel very sick. The kobold hits you with a +0 dagger.
You hit the kobold.
You kill the kobold!
You feel sick.
You feel sick.
Things that are here:
a +0 dagger; 2 poisoned darts You feel sick.
The quokka bites you but does no damage.
You hit the quokka but do no damage. You headbutt the quokka.
The quokka is moderately wounded.
You feel sick. The quokka bites you.
* * * LOW HITPOINT WARNING * * *
You closely miss the quokka.
You headbutt the quokka, but do no damage.
The quokka is moderately wounded.
You feel sick. The quokka barely misses you.
You hit the quokka.
You kill the quokka!
You feel sick.
A dart slug comes into view.
You feel sick. The dart slug launches a dart at you. The slug dart hits you.
* * * LOW HITPOINT WARNING * * *
You see here a quokka corpse.
Okay, then.
You die...

########......#
#..# #......#
#..# #......#
#..# ########
#..# #..#
#########..###
#....).......#
#.###$†...##.#
#.@........
#.......#.###.#.#
#..##..<#... #.#
# #......... #
#.#.#####.# #....
# ###w. ...


You could see a dart slug.

Vanquished Creatures
  An adder (D:2)
  3 ribbon worms (D:2)
  2 ball pythons (D:1)
  4 endoplasms
  4 goblins
  5 hobgoblins
  4 jackals (D:1)
  3 quokkas
  2 bats (D:1)
  A frilled lizard (D:1)
  5 kobolds
  4 rats (D:1)
38 creatures vanquished.

Notes
Turn   | Place    | Note
-------+----------+-------------------------------------------
     0 | D:1      | PidgeyThePirate the Demonspawn Monk began the quest for the
                  | Orb.
     0 | D:1      | Reached XP level 1. HP: 18/18 MP: 1/1
   171 | D:1      | Gained mutation: You sometimes gain a little power by
                  | taking damage. [demonic ancestry]
   171 | D:1      | Reached XP level 2. HP: 17/24 MP: 2/2
  1021 | D:1      | Reached XP level 3. HP: 29/29 MP: 3/3
  1536 | D:2      | Gained mutation: You have very sharp teeth. [potion of
                  | mutation]
  1536 | D:2      | Gained mutation: You have a pair of small horns on your
                  | head. [potion of mutation]
  1536 | D:2      | Gained mutation: You possess an exceptional clarity of
                  | mind. [potion of mutation]
  1552 | D:2      | Reached skill level 1 in Necromancy
  1848 | D:2      | HP: 1/29 [dart slug/slug dart (4)]
  1849 | D:2      | Succumbed to a kobold's poison

Illustrated notes

Levels and vault maps discovered:
D:1:      psy_arrival_basics, layout_loops_ring, serial_co_window_serial,
          co_window_paths_a, co_window_of_opportunity_a, co_window_paths_b,
          co_window_corner_a, co_window_of_opportunity_a, co_window_paths_b,
          co_window_corner_a, co_window_broadway_c, co_window_of_opportunity_c,
          co_window_cross_2, co_window_corner_b, co_window_broadway_b,
          glass_columns_a, glass_columns_a, kennysheep_minor_cross,
          grunt_decor_cap
D:2:      layout_basic, minmay_pentomino_x4

Skill      XL: |  1  2  3 |
---------------+----------+-----
Short Blades   | 3 |  3.4
Dodging        | 3 |  3.2
Necromancy     | 1 |  1.0
Fighting       | |  3.2
Armour         | |  0.1
Spellcasting   | |  0.6

Action                     || total
---------------------------++-------
  Melee: Short sword       ||   183
         Headbutt          ||     9
         Bite              ||     2
    Use: Potion            ||     3
 Armour: Robe              ||    37
         Leather armour    ||    30
  Dodge: Dodged            ||    96

Table legend: (Time is in decaauts)
 A = Elapsed time spent in this place.
 B = Non-inter-level travel time spent in this place.
 C = Inter-level travel time spent in this place.
 D = Time resting spent in this place.
 E = Time spent auto-exploring this place.
 F = Levels seen in this place.
 G = Mean time per level.
                   A        B        C        D        E       F      G
               +--------+--------+--------+--------+--------+-----+--------+
         Total |   1822 |   1752 |     70 |      0 |   1369 |   2 |  911.0 |
       Dungeon |   1822 |   1752 |     70 |      0 |   1369 |   2 |  911.0 |
               +--------+--------+--------+--------+--------+-----+--------+

Top non-repeatable levels by time:
     D:1: 1344 daAuts
     D:2: 478 daAuts
